 Dungeon Crawl Stone Soup version 0.24.0-10-g970556be89 (webtiles) character file.

Game seed: 11157165438849237288, levelgen mode: deterministic

147 kkkmkkk the Magician (level 5, -4/31 HPs)
             Began as an Octopode Wizard on Nov 4, 2019.
             Slain by an ogre
             ... wielding a +0 giant club
              (11 damage)
             ... on level 4 of the Dungeon.
             The game lasted 00:06:41 (4426 turns).

kkkmkkk the Magician (Octopode Wizard)              Turns: 4426, Time: 00:06:42

Health: -4/31      AC:  1    Str:  6    XL:     5   Next: 29%
Magic:  6/11       EV: 14    Int: 22    God:
Gold:   94         SH:  0    Dex: 10    Spells: 4/12 levels left

rFire    . . .     SeeInvis .   q - +2 spear (freeze)
rCold    . . .     Gourm    .   (no shield)
rNeg     . . .     Faith    .   a - +0 hat
rPois    .         Spirit   .   (no amulet)
rElec    .         Reflect  .   (no ring)
rCorr    .         Harm     .   (no ring)
MR       .....                  (no ring)
Stlth    +++.......             (no ring)
HPRegen  0.10/turn              (no ring)
MPRegen  0.12/turn              (no ring)
                                (no ring)
                                (no ring)

@: very slightly contaminated
A: almost no armour, stealthy swim, amphibious, 8 rings, constrict 8, camouflage
1, gelatinous body 1
a: no special abilities


You were on level 4 of the Dungeon.
You were not hungry.

You visited 1 branch of the dungeon, and saw 4 of its levels.

You collected 94 gold pieces.

Inventory:

Hand Weapons
 f - a +0 short sword
 h - a +0 short sword of venom
 q - a +2 spear of freezing (weapon)
Missiles
 e - 3 javelins (quivered)
 l - 16 poisoned darts
 n - 6 boomerangs
Armour
 a - a +0 hat (worn)
Jewellery
 g - an uncursed ring of magical power {unknown}
 t - an uncursed ring of resist corrosion {unknown}
Scrolls
 b - 3 scrolls of teleportation {unknown}
 d - 4 scrolls of amnesia {unknown}
 i - a scroll of remove curse {unknown}
 m - a scroll of fog {unknown}
 o - a scroll of magic mapping {unknown}
 p - a scroll of identify {unknown}
 r - a scroll of blinking {unknown}
 s - a scroll of noise {unknown}
Potions
 j - a potion of brilliance {unknown}
 k - a potion of curing {unknown}
Comestibles
 c - 4 rations


   Skills:
 + Level 3.3 Dodging
 - Level 2.6 Stealth
 + Level 4.1 Spellcasting
 + Level 2.7 Conjurations
 - Level 1.0 Summonings
 - Level 1.0 Translocations


You had 4 spell levels left.
You knew the following spells:

 Your Spells              Type           Power        Failure   Level  Hunger
a - Magic Dart            Conj           ###.         3%          1    None
b - Call Imp              Summ           #.......     11%         2    #......
c - Blink                 Tloc           N/A          11%         2    #......
d - Conjure Flame         Conj/Fire      ##......     19%         3    ##.....

Your spell library contained the following spells:

 Spells                   Type           Power        Failure   Level  Hunger
 Slow                     Hex            #.......     17%         2    #......
 Mephitic Cloud           Conj/Pois/Air  #.......     22%         3    ##.....


Dungeon Overview and Level Annotations

Branches:
Dungeon (4/15)
 Temple: D:4-7

Altars:
Elyvilon
Makhleb
Trog
Zin
The Shining One


Innate Abilities, Weirdness & Mutations

You cannot wear most types of armour.
You are very stealthy in the water. (Stealth+)
You are amphibious.
You can wear up to eight rings at the same time.
You can use your tentacles to constrict eight enemies at once.
Your skin changes colour to match your surroundings (Stealth+).
Your rubbery body absorbs attacks. (AC +1, EV +1)


Message History

An ogre comes into view. It is wielding a +0 giant club.
The ogre shouts!
Casting: Call Imp (safe; 11% risk of failure)
Confirm with . or Enter, or press ? or * to list all spells.
A metallic apparition takes form in the air.
Casting: Call Imp (safe; 11% risk of failure)
Confirm with . or Enter, or press ? or * to list all spells.
You miscast Call Imp.
You are very lightly contaminated with residual magic.
Nothing appears to happen.
Your iron imp barely misses the ogre.
Your iron imp hits the ogre.
Casting: Call Imp (safe; 11% risk of failure)
Confirm with . or Enter, or press ? or * to list all spells.
A beastly little devil appears in a puff of frigid air.
The ogre hits you with a +0 giant club!!
Ouch! That really hurt!
* * * LOW HITPOINT WARNING * * *
Your iron imp closely misses the ogre.
The ogre hits you with a +0 giant club!
You die...

#...###.#
#....#.##
##....## ####.#
#.# # #.# ...
#.#
#..>##########.#
........5O@5...#
#.......########
#.=##.#.# #
#.#.# . #.# ##
#.# #.# ..# ...


You could see an ogre, a friendly iron imp and a friendly white imp.

Vanquished Creatures
  2 adders
  An ooze (D:3)
  6 dart slugs
  A leopard gecko (D:3)
  An orc (D:3)
  3 goblins
  6 hobgoblins
  4 kobolds
  A bat (D:2)
  6 frilled lizards
  2 rats (D:2)
33 creatures vanquished.

Vanquished Creatures (collateral kills)
  A howler monkey (D:2)
  A centaur skeleton (D:2)
  5 adders
  A worm (D:3)
  3 leopard geckos
  An orc (D:3)
  A goblin (D:1)
  A kobold (D:1)
14 creatures vanquished.

Grand Total: 47 creatures vanquished

Notes
Turn   | Place    | Note
-------+----------+-------------------------------------------
     0 | D:1      | kkkmkkk the Octopode Wizard began the quest for the Orb.
     0 | D:1      | Reached XP level 1. HP: 11/11 MP: 4/4
   258 | D:2      | Reached XP level 2. HP: 8/17 MP: 1/6
   405 | D:2      | Learned a level 2 spell: Call Imp
   408 | D:2      | Learned a level 2 spell: Blink
  1466 | D:2      | Reached XP level 3. HP: 9/21 MP: 0/8
  1737 | D:2      | Learned a level 3 spell: Conjure Flame
  2004 | D:2      | Found a burning altar of Makhleb.
  2064 | D:2      | Found a glowing silver altar of Zin.
  2064 | D:2      | Noticed an angel
  2064 | D:2      | Noticed an Executioner
  2182 | D:2      | Reached XP level 4. HP: 18/27 MP: 3/9
  3016 | D:3      | Found a bloodstained altar of Trog.
  3292 | D:3      | Reached skill level 4 in Spellcasting
  3292 | D:3      | Reached XP level 5. HP: 12/31 MP: 1/11
  3772 | D:3      | Found a burning altar of Makhleb.
  3993 | D:3      | Found a glowing golden altar of the Shining One.
  4382 | D:4      | Found a white marble altar of Elyvilon.
  4417 | D:4      | Noticed an ogre
  4426 | D:4      | Slain by an ogre

Levels and vault maps discovered:
D:1:      grunt_arrival_lava_bath, layout_basic, serial_bayou_crossing
D:2:      layout_rooms, grunt_temple_overflow_order_and_chaos_2
D:3:      layout_loops_ring, lemuel_coloured_pillars_altar,
          lightli_temple_of_fire, bloody_makhleb
D:4:      layout_loops_corners, lemuel_round_altar,
          nicolae_ru_the_path_less_chosen, vehumet_altar_wand_db,
          lemuel_crystal_altar, portal_sewer_entry_e, first_ration, uniq_duvessa

Skill      XL: |  1  2  3  4 |
---------------+-------------+-----
Conjurations   | 2 |  2.7
Dodging        | 3 |  3.3
Spellcasting   | 4 |  4.1
Stealth        | |  2.6
Summonings     | |  1.0
Translocations | |  1.0

Action                   |  1- 3 |  4- 6 || total
-------------------------+-------+-------++-------
Melee: Short sword       |     9 |     2 ||    11
       Constrict         |     3 |     5 ||     8
       Tentacles         |     1 |       ||     1
       Spear             |       |    15 ||    15
 Cast: Magic Dart        |    46 |    31 ||    77
       Call Imp          |    11 |    21 ||    32
       Blink             |     2 |     3 ||     5
       Conjure Flame     |     1 |       ||     1
 Stab: Sleeping          |     1 |     2 ||     3
  Eat: Chunk             |     3 |     8 ||    11
Armor: Skin              |     1 |       ||     1
Dodge: Dodged            |    16 |    23 ||    39
